 Dungeon Crawl Stone Soup version 0.32-a0-43-g058985b245 (webtiles) character file.

Game seed: 1784609921031492704

134745 cforsyth the Warrior (level 17, -2/141 HPs)
             Began as a Djinni Warper on Feb 4, 2024.
             Slain by a salamander
             ... wielding a +0 glaive of flaming
              (18 damage)
             ... on level 4 of the Snake Pit.
             The game lasted 01:07:11 (43806 turns).

cforsyth the Warrior (Djinni Warper)               Turns: 43806, Time: 01:07:11

Health: -2/141     AC:  5    Str: 10    XL:     17   Next: 76%
Gold:   1427       EV: 15    Int: 32    God:
                   SH:  6    Dex: 13

rFire   + + +        p - +3 spear "Jelly's Demise" {freeze, rC+ SInv}
rCold   + . .        G - +0 buckler of Abstinence {Int+6}
rNeg    + . .        A - +0 troll leather armour
rPois   ∞            i - +0 helmet {Int+3}
rElec   .            C - scarf {rC+ rF+}
rCorr   +            r - +0 pair of gloves
SInv    +            (boots unavailable)
Will    +....        (no amulet)
Stlth   +            L - ring of positive energy
HPRegen 1.23/turn    H - ring of resist corrosion
MPRegen 0.00/turn

%: infuse magic (-3 HP)
@: flying, slowed, very slow
A: sickness immunity, fire resistance 2, cold vulnerability 1, float, innate
caster, HP casting, extra vitality 1
a: no special abilities


You were on level 4 of the Snake Pit.
You visited 4 branches of the dungeon, and saw 26 of its levels.
You also visited: Bailey.

You collected 2544 gold pieces.
You spent 1117 gold pieces at shops.

Inventory:

Hand Weapons
 p - the +3 spear "Jelly's Demise" (weapon) {freeze, rC+ SInv}
   (You found it on level 4 of the Lair of Beasts)

   rC+:       It protects you from cold.
   SInv:      It lets you see invisible.
Missiles
 d - 4 darts of dispersal
 m - 8 datura-tipped darts
 J - 16 curare-tipped darts
Armour
 i - a +0 helmet of intelligence (worn)
 r - a +0 pair of gloves (worn)
 A - a +0 troll leather armour (worn)
 C - a scarf of resistance (worn)
 G - the +0 buckler of Abstinence (worn) {Int+6}
   (You bought it in a shop on level 2 of the Orcish Mines)

   Int+6:     It affects your intelligence (+6).
Jewellery
 t - a +6 ring of strength
 B - a ring of willpower
 H - a ring of resist corrosion (right hand)
 I - a ring of protection from cold
 L - a ring of positive energy (left hand)
Wands
 j - a wand of polymorph (16)
 u - a wand of iceblast (34)
 y - a wand of charming (15)
 E - a wand of digging (17)
 P - a wand of quicksilver (12)
 R - a wand of flame (15)
Scrolls
 a - a scroll of torment
 c - 2 scrolls of blinking
 f - 5 scrolls of fear
 h - 7 scrolls of teleportation
 l - a scroll of summoning
 n - 2 scrolls of immolation
 s - 3 scrolls of enchant weapon
 K - a scroll of silence
 O - 3 scrolls of noise
 Q - 4 scrolls of vulnerability
 S - 2 scrolls of fog
 Y - 5 scrolls of enchant armour
Potions
 e - 4 potions of cancellation
 g - 2 potions of invisibility
 q - 6 potions of heal wounds
 v - 5 potions of brilliance
 w - 3 potions of might
 x - 4 potions of attraction
 z - 15 potions of curing
 D - 4 potions of mutation
 F - 4 potions of haste
 N - 4 potions of lignification
 V - 6 potions of ambrosia
 X - 2 potions of enlightenment
 Z - a potion of resistance
Miscellaneous
 o - a sack of spiders
 M - a phial of floods
 T - a condenser vane
 U - a phantom mirror


   Skills:
 - Level 19.0 Fighting
 - Level 1.7 Long Blades
 - Level 0.7 Throwing
 - Level 1.0 Armour
 + Level 10.3 Dodging
 + Level 9.2 Shields
 + Level 16.3 Spellcasting
 + Level 16.3 Conjurations
 + Level 16.3 Hexes
 + Level 16.3 Summonings
 + Level 16.3 Necromancy
 + Level 16.3 Translocations
 + Level 16.3 Fire Magic
 + Level 16.3 Ice Magic
 + Level 16.3 Air Magic
 + Level 16.3 Earth Magic
 + Level 16.3 Alchemy


You knew the following spells:

 Your Spells              Type           Power      Damage    Failure   Level
a - Blink                 Tloc           100%       N/A       0%          2
b - Lesser Beckoning      Tloc           100%       N/A       0%          2
c - Teleport Other        Tloc           92%        N/A       0%          3
d - Manifold Assault      Tloc           92%        N/A       1%          4
e - Vhi's Electric Charg  Tloc/Air       100%       N/A       1%          4
f - Magic Dart            Conj           100%       1d8       0%          1
g - Momentum Strike       Conj/Tloc      100%       3d10      0%          2
h - Fugue of the Fallen   Necr           92%        N/A       0%          3
i - Hailstorm             Conj/Ice       92%        3d15      0%          3
j - Airstrike             Air            46%        2d(7-23)  1%          4
k - Lee's Rapid Deconstr  Erth           46%        3d22*     1%          5
l - Plasma Beam           Fire/Air       46%        2x1d60    1%          6
m - Orb of Destruction    Conj           46%        9d12      3%          7
Your spell library was empty.

Dungeon Overview and Level Annotations

Branches:
Dungeon (15/15)            Temple (0/1) D:4            Lair (5/5) D:9
  Swamp (0/4) Lair:3        Snake (4/4) Lair:3        Slime (0/5) Lair:5
    Orc (2/2) D:12            Elf (0/3) Orc:2        Vaults (0/5) D:14
 Depths (0/4) D:15         Bailey (visited)

Altars:
Cheibriados
Dithmenos
Elyvilon
Gozag
Okawaru
Ru
Trog
Xom
The Shining One
Jiyva

Shops:
D:3 :   D:12 =   D:13 *   Orc:1 **   Orc:2 [[(!   Snake:1 (

Portals:
Ice
Cave: Snake:4

Annotations:
D:15 1 runed translucent door, anacleto's ghost, journeyman DsSh


Innate Abilities, Weirdness & Mutations

You are immune to sickness and miasma.
You are immune to poison.
Your flesh is very heat resistant. (rF++)
You are vulnerable to cold. (rC-)
You float through the air rather than walking.
You learn spells naturally, not from books.
Your magical power is your life essence.
You have superior vitality. (+4 MHP)


Message History

The fiery plasma hits the salamander.
The salamander completely resists.
The salamander is moderately wounded.
The fiery plasma hits the naga ritualist!
The naga ritualist is lightly wounded.
You hear a shout!
You block the black mamba's attack.
The naga warrior hits you with a +0 glaive!!
The naga warrior grabs you. The naga warrior constricts you.
You block the black mamba's attack. The naga warrior completely misses you.
The naga warrior constricts you.
* * * LOW HITPOINT WARNING * * *
The black mamba bites you!
* * * LOW HITPOINT WARNING * * *
You are too injured to fight recklessly!
Casting: Plasma Beam (mildly dangerous; 1% risk of failure)
Confirm with . or Enter, or press ? or * to list all spells.
The naga warrior's grasp on you weakens, but your attempt to escape fails.
* * * LOW HITPOINT WARNING * * *
The black mamba bites you!
* * * LOW HITPOINT WARNING * * *
You block the black mamba's attack. The naga warrior spits poison at you.
The splash of poison hits you but does no damage.
You resist. The naga warrior constricts you.
* * * LOW HITPOINT WARNING * * *
The black mamba bites you but does no damage.
A naga warrior comes into view. It is wielding a +0 halberd.
Blink to where?
Press: ? - help, Dir - move target You escape the naga warrior's grasp.
An anaconda, a black mamba, a mana viper and 4 nagas come into view.
A naga ritualist is wielding a +2 long sword of freezing.
A salamander is wielding a +0 glaive of flaming.
Found a glacial archway.
As you read the scroll of blinking, it crumbles to dust.
You hear the faint crackling of a melting archway.
You feel ready to blink again.
The naga shouts!
The anaconda hisses angrily.
You block the salamander's attack.
The salamander hits you with a +0 glaive of flaming!!
You die...

*****,,,* *,,...,,* *,,...,,*
##### *,....*** #...# *...#**
###...# *#.SN##
.##...############.NN..#
.........NSSNN..NNS.#,,*******
..############..@S.#,*,,,,,,,*
..................#.∩.#,****,*
)...#######....##..#,#..,,,,,*
....# #....**#..#,,*******
....# #...** *#...,* ...##
#...* *###.* ...# #..,* **,,#
...# #..,* *,,** ****
**,*******,**


You could see 2 naga warriors, 2 salamanders, an anaconda, 2 naga ritualists, a
mana viper, a guardian serpent, 2 black mambas and 2 nagas.

Vanquished Creatures
  Saint Roka (Snake:2)
  Rupert (Lair:4)
  Mlioglotl (Snake:4)
  2 orc warlords (Orc:2)
  5 dire elephants (Lair:5)
  The ghost of hgbash the Grappler, a journeyman TrFi of Hepliaklqana (Lair:1)
  3 salamander tyrants (Snake:2)
  Harold (D:9)
  3 hydras
  5 anacondas
  3 catoblepae
  2 dancing weapons (D:14)
  5 centaur warriors
  A boulder beetle (Lair:3)
  A two-headed ogre (D:12)
  8 naga warriors
  The ghost of PriceMaster the Arsonist, a journeyman OpFE of Qazlal (D:9)
  3 orc high priests (Orc:2)
  A tengu warrior (D:15)
  4 naga sharpshooters
  3 occultists (D:12)
  6 shock serpents
  Sonja (D:12)
  A skyshark (Lair:3)
  The ghost of Videorelaxant888 the Ducker, a novice GnMo of the Shining One (D:9)
  2 salamander mystics (Snake:2)
  A spectral anaconda (Lair:5)
  2 mana vipers
  A glowing orange brain (D:15)
  An obsidian statue (Lair:5)
  2 arcanists
  The ghost of Azoth the Markself, a novice DEHu of Dithmenos (D:8)
  2 naga ritualists
  4 lindwurms (Lair:4)
  An orc knight (D:12)
  4 necromancers
  20 ugly things
  An orc sorcerer (Orc:2)
  A manticore (shapeshifter) (D:15)
  5 manticores
  Maurice (D:7)
  4 cyclopes
  3 meliai (D:14)
  A meliai (shapeshifter) (D:14)
  A dire elephant zombie (Lair:5)
  11 elephants
  9 salamanders
  A guardian serpent (Snake:1)
  25 black mambas
  7 naga magi
  A torpor snail (Lair:2)
  2 gargoyles
  A dire elephant skeleton (Lair:5)
  16 cane toads
  2 rime drakes
  2 unseen horrors (D:11)
  14 komodo dragons
  Maggie (D:7)
  A freezing wraith (D:15)
  A tengu conjurer (D:15)
  The ghost of Azoth the Skirmisher, a novice DEHu of Dithmenos (D:5)
  3 polar bears
  A tyrant leech (Lair:2)
  A queen bee (Lair:1)
  A troll (shapeshifter) (D:14)
  9 trolls
  2 hornets
  2 spectral elephants (Lair:5)
  14 blink frogs
  6 dream sheep (Lair:4)
  4 shadows
  A vampire (D:12)
  3 wraiths
  6 basilisks
  19 slime creatures
  46 yaks
  3 wyverns
  A hog (Lair:5)
  2 death yak simulacra (Lair:5)
  4 steam dragons
  9 vampire mosquitoes
  9 wargs
  A spectral cane toad (Lair:5)
  30 nagas
  2 acid dragons
  14 water moccasins
  An elephant zombie (Lair:5)
  2 laughing skulls (D:15)
  34 orc warriors
  4 ice beasts
  A sky beast (D:8)
  12 ogres
  3 black bears
  4 boggarts (D:14)
  14 centaurs
  A wolf (D:10)
  2 elephant skeletons (Lair:5)
  A phantom (D:6)
  10 kobold brigands
  13 bullfrogs
  A cane toad simulacrum (Lair:5)
  2 gnoll sergeants
  4 scorpions
  5 wights (D:8)
  30 killer bees
  An electric eel (Lair:2)
  2 howler monkeys
  A bombardier beetle (D:4)
  21 orc priests
  2 hounds (D:4)
  A gnoll bouda (D:7)
  2 jellies
  Crazy Yiuf (D:3)
  A sleepcap (D:6)
  Jessica (D:3)
  4 iguanas
  Terence (D:3)
  28 orc wizards
  3 polar bear simulacra (D:10)
  3 wolf simulacra (D:10)
  2 yak simulacra (D:10)
  19 gnolls
  10 adders
  2 white imps
  4 ufetubi
  3 dart slugs
  105 orcs
  3 bats
  9 endoplasms
  4 giant cockroaches
  6 goblins
  8 hobgoblins
  5 jackals
  7 ball pythons
  A frilled lizard (D:1)
  34 kobolds
  2 rats
  2 river rat simulacra (D:10)
852 creatures vanquished.

Vanquished Creatures (collateral kills)
  Kirke (Lair:4)
1 creature vanquished.

Vanquished Creatures (others)
  6 humans (Lair:5)
  An orc (Orc:1)
7 creatures vanquished.

Grand Total: 860 creatures vanquished

Notes
Turn   | Place    | Note
-------+----------+-------------------------------------------
     0 | D:1      | cforsyth the Djinni Warper began the quest for the Orb.
     0 | D:1      | cforsyth set off with the following spells memorised:
                  | Blink, Lesser Beckoning, Teleport Other, Manifold Assault,
                  | Vhi's Electric Charge.
     0 | D:1      | Reached XP level 1. HP: 18/18 MP: 0/0
   308 | D:1      | Reached XP level 2. HP: 20/23 MP: 0/0
   843 | D:2      | Identified the +0 leather armour of the Gate {Stlth+}
   865 | D:2      | Reached XP level 3. HP: 27/29 MP: 0/0
   865 | D:2      | Learned a level 1 spell: Magic Dart
  1129 | D:2      | Identified the +0 ring mail "Leokolounn" {rF+ Int+2 Dex-3}
  1276 | D:2      | Reached skill level 3 in Fighting
  1374 | D:2      | Reached XP level 4. HP: 30/35 MP: 0/0
  1729 | D:3      | Noticed Jessica
  1734 | D:3      | Killed Jessica
  1735 | D:3      | Reached XP level 5. HP: 37/41 MP: 0/0
  1735 | D:3      | Learned a level 2 spell: Momentum Strike
  1817 | D:3      | Noticed Terence
  1828 | D:3      | HP: 1/41 [Terence/+0 trident (5)]
  2133 | D:3      | Reached skill level 4 in Fighting
  2220 | D:3      | Found Fuceop's Book Shoppe.
  2384 | D:3      | Found a bloodstained altar of Trog.
  2745 | D:3      | Reached XP level 6. HP: 44/47 MP: 0/0
  2762 | D:3      | Found a runed translucent door.
  2763 | D:3      | Noticed Crazy Yiuf
  3585 | D:4      | Reached skill level 5 in Fighting
  3632 | D:4      | Found a staircase to the Ecumenical Temple.
  3729 | D:4      | Reached XP level 7. HP: 50/54 MP: 0/0
  3729 | D:4      | Learned a level 3 spell: Fugue of the Fallen
  4207 | D:5      | Entered Level 5 of the Dungeon
  4759 | D:5      | Reached skill level 5 in Spellcasting
  4759 | D:5      | Reached skill level 5 in Conjurations
  4759 | D:5      | Reached skill level 5 in Hexes
  4759 | D:5      | Reached skill level 5 in Summonings
  4759 | D:5      | Reached skill level 5 in Necromancy
  4759 | D:5      | Reached skill level 5 in Translocations
  4759 | D:5      | Reached skill level 5 in Fire Magic
  4759 | D:5      | Reached skill level 5 in Ice Magic
  4759 | D:5      | Reached skill level 5 in Air Magic
  4759 | D:5      | Reached skill level 5 in Earth Magic
  4759 | D:5      | Reached skill level 5 in Alchemy
  4932 | D:5      | Reached skill level 6 in Fighting
  4990 | D:5      | HP: 1/56 [iguana (7)]
  5199 | D:5      | Reached XP level 8. HP: 54/61 MP: 0/0
  6124 | D:5      | Found a transporter.
  6155 | D:5      | Noticed Azoth's ghost (novice DEHu)
  6158 | D:5      | Identified the +6 dire flail "Pendulum" {pain, Fly MP+9
                  | Str+3}
  6160 | D:5      | Found a transporter.
  6349 | D:6      | Reached skill level 7 in Fighting
  7030 | D:6      | Reached XP level 9. HP: 67/70 MP: 0/0
  7030 | D:6      | Learned a level 3 spell: Hailstorm
  7114 | D:6      | Reached skill level 8 in Fighting
  7875 | D:3      | Killed Terence
  8036 | D:3      | Killed Crazy Yiuf
  8372 | D:7      | Reached skill level 9 in Fighting
  8379 | D:7      | Noticed a troll
  8389 | D:7      | Found a flagged portal.
  8398 | Bailey   | Entered a bailey
  8761 | Bailey   | Reached XP level 10. HP: 72/78 MP: 0/0
  8813 | Bailey   | Found a burning altar of Makhleb.
  9022 | D:7      | Noticed Maurice
  9059 | D:7      | Reached skill level 10 in Fighting
  9062 | D:7      | Something stole a phial of floods
  9063 | D:7      | Something stole a ring of fire
  9314 | D:7      | Killed Maurice
  9402 | D:7      | Noticed Maggie
  9408 | D:7      | Killed Maggie
 10456 | D:8      | Reached skill level 11 in Fighting
 10646 | D:8      | You are sucked into a shaft and drop 1 floor!
 10705 | D:9      | Found a staircase to the Lair.
 10911 | D:9      | Noticed Harold
 10923 | D:9      | Killed Harold
 10924 | D:9      | Reached XP level 11. HP: 68/87 MP: 0/0
 10924 | D:9      | Learned a level 4 spell: Airstrike
 11115 | D:9      | Reached skill level 12 in Fighting
 11314 | D:9      | Found a glowing golden altar of the Shining One.
 11314 | D:9      | Found an opulent altar of Gozag.
 11316 | D:9      | Found a sacrificial altar of Ru.
 11318 | D:9      | Found a shadowy altar of Dithmenos.
 11467 | D:9      | Found a snail-covered altar of Cheibriados.
 11506 | D:9      | Found a runed translucent gate.
 11506 | D:9      | Found a runed translucent gate.
 11506 | D:9      | Found a runed translucent gate.
 11507 | D:9      | Noticed Videorelaxant888's ghost (novice GnMo)
 11533 | D:9      | Noticed Azoth's ghost (novice DEHu)
 11533 | D:9      | Noticed PriceMaster's ghost (journeyman OpFE)
 12838 | D:10     | Entered Level 10 of the Dungeon
 13111 | D:10     | Reached skill level 10 in Spellcasting
 13111 | D:10     | Reached skill level 10 in Conjurations
 13111 | D:10     | Reached skill level 10 in Hexes
 13111 | D:10     | Reached skill level 10 in Summonings
 13111 | D:10     | Reached skill level 10 in Necromancy
 13111 | D:10     | Reached skill level 10 in Translocations
 13111 | D:10     | Reached skill level 10 in Fire Magic
 13111 | D:10     | Reached skill level 10 in Ice Magic
 13111 | D:10     | Reached skill level 10 in Air Magic
 13111 | D:10     | Reached skill level 10 in Earth Magic
 13111 | D:10     | Reached skill level 10 in Alchemy
 13377 | D:10     | Reached skill level 13 in Fighting
 13808 | D:10     | Noticed a necromancer
 13828 | D:10     | Killed a necromancer
 14086 | D:10     | Reached XP level 12. HP: 78/98 MP: 0/0
 16476 | D:11     | Reached skill level 14 in Fighting
 17191 | D:12     | Noticed a two-headed ogre
 17202 | D:12     | Killed a two-headed ogre
 17480 | D:12     | Noticed Sonja
 17482 | D:12     | Killed Sonja
 17622 | D:12     | Found Egiyjoef's Jewellery Boutique.
 17858 | D:12     | Noticed an arcanist
 17859 | D:12     | Noticed an occultist
 17859 | D:12     | Noticed an occultist
 17862 | D:12     | Killed an occultist
 17862 | D:12     | Killed an arcanist
 17869 | D:12     | Killed an occultist
 18086 | D:12     | Noticed an occultist
 18096 | D:12     | Killed an occultist
 18097 | D:12     | Reached XP level 13. HP: 61/106 MP: 0/0
 18097 | D:12     | Learned a level 5 spell: Lee's Rapid Deconstruction
 18641 | D:12     | Reached skill level 15 in Fighting
 19345 | D:12     | Found a staircase to the Orcish Mines.
 19516 | Lair:1   | Entered Level 1 of the Lair of Beasts
 19965 | Lair:1   | Found a transporter.
 19970 | Lair:1   | Found a transporter.
 19972 | Lair:1   | Noticed hgbash's ghost (journeyman TrFi)
 21300 | Lair:1   | Reached skill level 16 in Fighting
 22086 | Lair:1   | Found a transporter.
 22091 | Lair:1   | Found a transporter.
 23368 | Lair:2   | Found a runed translucent door.
 23521 | Lair:2   | Noticed a catoblepas
 25364 | Lair:3   | Noticed an eight-headed hydra
 25369 | Lair:3   | Killed an eight-headed hydra
 25378 | Lair:3   | Reached XP level 14. HP: 76/117 MP: 0/0
 26485 | Lair:3   | Identified the +2 falchion "Jellyslayer" {pain, Str+3 Int-3
                  | Dex+2}
 26548 | Lair:3   | Found a staircase to the Snake Pit.
 26842 | Lair:3   | Found a staircase to the Swamp.
 27036 | Lair:4   | Reached skill level 17 in Fighting
 27728 | Lair:4   | Found the amulet of Elemental Vulnerability {rPois rF--
                  | rC-- AC+8}
 27731 | Lair:4   | Identified the +3 spear "Jelly's Demise" {freeze, rC+ SInv}
 27776 | Lair:4   | Noticed Rupert
 27785 | Lair:4   | Killed Rupert
 28723 | Lair:4   | You are sucked into a shaft and drop 1 floor!
 28723 | Lair:5   | Entered Level 5 of the Lair of Beasts
 28725 | Lair:5   | Noticed Kirke
 28758 | Lair:5   | Noticed a dire elephant
 29110 | Lair:4   | Killed Kirke
 29680 | Lair:5   | Killed a dire elephant
 30617 | Lair:5   | Reached skill level 18 in Fighting
 30856 | Lair:5   | Reached XP level 15. HP: 107/126 MP: 0/0
 30856 | Lair:5   | Learned a level 6 spell: Plasma Beam
 32089 | Lair:5   | Found a viscous altar of Jiyva.
 32089 | Lair:5   | Found a staircase to the Slime Pits.
 32406 | Orc:1    | Entered Level 1 of the Orcish Mines
 32406 | Orc:1    | Found Lyitheam's Mass Market.
 32969 | Orc:1    | Found Xeellum's General Store.
 33507 | Orc:2    | Entered Level 2 of the Orcish Mines
 33510 | Orc:2    | Noticed an orc warlord
 33516 | Orc:2    | Killed an orc warlord
 34367 | Orc:2    | Found Uxamy's Distillery.
 34372 | Orc:2    | Bought a potion of heal wounds for 65 gold pieces
 34372 | Orc:2    | Bought a potion of heal wounds for 65 gold pieces
 34372 | Orc:2    | Bought a potion of curing for 39 gold pieces
 34372 | Orc:2    | Bought a potion of haste for 130 gold pieces
 34372 | Orc:2    | Bought a potion of haste for 130 gold pieces
 35243 | Orc:2    | Found a staircase to the Elven Halls.
 35557 | Orc:2    | Noticed an orc warlord
 35559 | Orc:2    | Killed an orc warlord
 35596 | Orc:2    | Reached skill level 19 in Fighting
 36518 | Orc:2    | Found Iliuluup's Antique Armour Boutique.
 36526 | Orc:2    | Bought a masterwork chain mail for 209 gold pieces
 36526 | Orc:2    | Identified the +0 chain mail "Ipsoahi" {Str+4 Dex+2} (You
                  | bought it in a shop on level 2 of the Orcish Mines)
 36526 | Orc:2    | Bought a bloodstained buckler for 209 gold pieces
 36526 | Orc:2    | Identified the +0 buckler of Abstinence {Int+6} (You bought
                  | it in a shop on level 2 of the Orcish Mines)
 36618 | Orc:2    | Found Hiczavay's Antique Weapon Shoppe.
 36620 | Orc:2    | Found Delaqot's Antique Armour Emporium.
 36633 | Orc:2    | Bought a fading scimitar for 270 gold pieces
 36633 | Orc:2    | Identified the +2 scimitar "Biukkogo" {chaos, Int+3} (You
                  | bought it in a shop on level 2 of the Orcish Mines)
 36901 | D:13     | Reached skill level 1 in Shields
 37026 | D:13     | Found Heomnaut's Neck Hole.
 37528 | D:14     | Found a white marble altar of Elyvilon.
 37539 | D:14     | Reached skill level 15 in Spellcasting
 37539 | D:14     | Reached skill level 15 in Conjurations
 37539 | D:14     | Reached skill level 15 in Hexes
 37539 | D:14     | Reached skill level 15 in Summonings
 37539 | D:14     | Reached skill level 15 in Necromancy
 37539 | D:14     | Reached skill level 15 in Translocations
 37539 | D:14     | Reached skill level 15 in Fire Magic
 37539 | D:14     | Reached skill level 15 in Ice Magic
 37539 | D:14     | Reached skill level 15 in Air Magic
 37539 | D:14     | Reached skill level 15 in Earth Magic
 37539 | D:14     | Reached skill level 15 in Alchemy
 37710 | D:14     | Reached XP level 16. HP: 116/135 MP: 0/0
 37887 | D:14     | Found a gate to the Vaults.
 38040 | D:14     | Found an iron altar of Okawaru.
 38132 | D:14     | Reached skill level 5 in Dodging
 38641 | D:15     | Entered Level 15 of the Dungeon
 38748 | D:15     | Reached skill level 5 in Shields
 38852 | D:15     | Found a runed translucent door.
 38854 | D:15     | Found a shimmering altar of Xom.
 38854 | D:15     | Noticed anacleto's ghost (journeyman DsSh)
 39032 | D:15     | Found a staircase to the Depths.
 39572 | D:5      | Killed Azoth's ghost
 39746 | D:8      | Killed Azoth's ghost
 39871 | D:9      | Killed PriceMaster's ghost
 39890 | D:9      | Killed Videorelaxant888's ghost
 40028 | Lair:1   | Killed hgbash's ghost
 40435 | Snake:1  | Entered Level 1 of the Snake Pit
 41326 | Snake:1  | Found Qoas's Weapon Boutique.
 41401 | Snake:1  | Reached XP level 17. HP: 136/141 MP: 0/0
 41401 | Snake:1  | Learned a level 7 spell: Orb of Destruction
 42436 | Snake:2  | Noticed Saint Roka
 42520 | Snake:2  | Killed Saint Roka
 43396 | Snake:3  | Reached skill level 10 in Dodging
 43706 | Snake:4  | Entered Level 4 of the Snake Pit
 43726 | Snake:4  | Noticed Mlioglotl
 43736 | Snake:4  | Killed Mlioglotl
 43736 | Snake:4  | HP: 6/141 [anaconda (15)]
 43736 | Snake:4  | HP: 2/141 [constriction (4)]
 43806 | Snake:4  | Found a glacial archway.
 43806 | Snake:4  | Slain by a salamander

Illustrated notes

Levels and vault maps discovered:
D:1:      eino_arrival_water_star, layout_basic
D:2:      minmay_inner_zag, layout_rooms, st_stairs_11
D:3:      layout_loops_ring, lemuel_doored_altar, serial_shops, shop,
          uniq_crazy_yiuf_cottage, uniq_terence, uniq_jessica
D:4:      layout_loops_ring, temple_green
D:5:      layout_rooms, gammafunk_ghost_smash
D:6:      layout_loops_ring, minmay_circle_x
D:7:      layout_layer_cave, enter_bailey_6, uniq_maggie, uniq_maurice
D:8:      layout_gridville
D:9:      nicolae_cairo_tiling_large, layout_irregular_city,
          grunt_temple_overflow_open, gammafunk_ghost_cemetery, uniq_harold
D:10:     layout_basic, eino_house_with_fridge
D:11:     layout_irregular_city
D:12:     minmay_wizard_corner, layout_stronghold, david_orc_5, serial_shops,
          nicolae_shop_tiny_waterfront, uniq_sonja
D:13:     layout_small_grid, nicolae_shop_sticking_my_neck_out
D:14:     layout_loops_corners, erik_vaults_1, okawaru_gym_becter,
          elyvilon_altar_5
D:15:     gammafunk_enter_depths_forms, layout_rooms, ebering_ghost_xom,
          minmay_misc_feat_nine_boxes
Lair:1:   layout_cave_pods, gammafunk_ghost_hive, evilmike_ambush
          [evilmike_ambush_outer_corners, evilmike_ambush_inner_pond],
          grunt_megastairs_4, serial_bayou_shore_a, serial_bayou_shore_b,
          lemuel_fruit_tree
Lair:2:   gammafunk_lair_enchanted_lake, layout_gridlike
Lair:3:   layout_chaotic_city, minmay_swamp_entry_worms,
          alex1729_snake_entry_snake, serial_rivers,
          chequers_serial_rivers_small_b, chequers_serial_rivers_large_a,
          chequers_serial_rivers_room_b, chequers_serial_rivers_micro_d,
          chequers_serial_rivers_small_3, chequers_serial_rivers_micro_b
Lair:4:   layout_gridlike, minmay_lindwurm_lava, infiniplex_staircase_pool_2,
          uniq_rupert
Lair:5:   due_jungle_book, layout_gridlike, dpeg_slime_entry_enclosed,
          uniq_kirke
Snake:1:  layout_onion, serial_shops, nicolae_shop_trees, serial_bayou_shore_b
Snake:2:  layout_misc_corridors, nicolae_snake_linked_coils, uniq_saint_roka
Snake:3:  layout_gridlike
Snake:4:  grunt_snake_rune_pools, layout_misc_corridors,
          portal_ice_cave_entry_pillars_2, uniq_mlioglotl
Orc:1:    layout_caves, serial_shops, nicolae_shop_statue_plus, minmay_shop_mass
Orc:2:    grunt_orc_community_town_hall, layout_diamond_mine,
          grunt_orc_community_big_house_1, grunt_orc_community_big_house_2,
          grunt_orc_community_house_3, grunt_orc_community_house_3,
          grunt_orc_community_house_1, grunt_orc_community_house_3

Skill      XL: |  1  2  3  4  5  6  7  8  9 10 11 12 13 14 15 16 17 |
---------------+----------------------------------------------------+-----
Spellcasting   | 3 4 5 6 7 9 10 11 12 14 15 16 | 16.3
Conjurations   | 3 4 5 6 7 9 10 11 12 14 15 16 | 16.3
Hexes          | 3 4 5 6 7 9 10 11 12 14 15 16 | 16.3
Summonings     | 3 4 5 6 7 9 10 11 12 14 15 16 | 16.3
Necromancy     | 3 4 5 6 7 9 10 11 12 14 15 16 | 16.3
Translocations | 3 4 5 6 7 9 10 11 12 14 15 16 | 16.3
Fire Magic     | 3 4 5 6 7 9 10 11 12 14 15 16 | 16.3
Ice Magic      | 3 4 5 6 7 9 10 11 12 14 15 16 | 16.3
Air Magic      | 3 4 5 6 7 9 10 11 12 14 15 16 | 16.3
Earth Magic    | 3 4 5 6 7 9 10 11 12 14 15 16 | 16.3
Alchemy        | 3 4 5 6 7 9 10 11 12 14 15 16 | 16.3
Fighting       | 3 4 5 6 7 9 11 13 14 16 18 19 | 19.0
Shields        | 3 7 9 |  9.2
Dodging        | 4 8 10 | 10.3
Long Blades    | |  1.7
Throwing       | |  0.7
Armour         | |  1.0

Action                     |  1- 3 |  4- 6 |  7- 9 | 10-12 | 13-15 | 16-18 || total
---------------------------+-------+-------+-------+-------+-------+-------++-------
  Melee: Falchion          |    62 |     1 |    46 |       |       |       ||   109
         Flail             |       |       |     1 |    21 |    11 |       ||    33
         Unarmed           |       |       |       |       |     7 |       ||     7
         Spear             |       |       |       |       |       |     7 ||     7
  Throw: Dart              |     3 |       |       |       |       |       ||     3
   Cast: Magic Dart        |    34 |   175 |   206 |    61 |       |       ||   476
         Momentum Strike   |       |     3 |    34 |    10 |       |       ||    47
         Blink             |       |     3 |     5 |     6 |     4 |     1 ||    19
         Lesser Beckoning  |       |       |     2 |     1 |       |       ||     3
         Teleport Other    |       |       |     2 |       |       |       ||     2
         Hailstorm         |       |       |    26 |    85 |    21 |     5 ||   137
         Fugue of the Fall |       |       |     1 |       |       |       ||     1
         Airstrike         |       |       |       |   202 |   406 |       ||   608
         Lee's Rapid Decon |       |       |       |       |    21 |    21 ||    42
         Plasma Beam       |       |       |       |       |   251 |   272 ||   523
  Evoke: Wand              |       |       |       |       |     2 |       ||     2
         Phantom mirror    |       |       |       |       |     1 |       ||     1
    Use: Potion            |       |     2 |     1 |     5 |       |     2 ||    10
         Scroll            |       |       |     9 |    12 |     9 |     8 ||    38
   Stab: Sleeping          |     1 |       |       |       |       |       ||     1
 Armour: Leather armour    |    41 |    37 |   137 |       |       |       ||   215
         Robe              |       |       |     4 |   206 |   131 |       ||   341
         Skin              |       |       |       |       |     4 |       ||     4
         Troll leather arm |       |       |       |       |     1 |    69 ||    70
  Dodge: Dodged            |    55 |    38 |   138 |    91 |    87 |    41 ||   450
  Block: Buckler           |       |       |       |       |       |    21 ||    21

Table legend: (Time is in decaauts)
 A = Elapsed time spent in this place.
 B = Non-inter-level travel time spent in this place.
 C = Inter-level travel time spent in this place.
 D = Time resting spent in this place.
 E = Time spent auto-exploring this place.
 F = Levels seen in this place.
 G = Mean time per level.
                   A        B        C        D        E       F      G
               +--------+--------+--------+--------+--------+-----+--------+
         Total |  43867 |  41613 |   2254 |   7780 |  28711 |  27 | 1624.7 |
       Dungeon |  23278 |  21722 |   1556 |   4444 |  14497 |  15 | 1551.9 |
          Lair |  13102 |  12472 |    630 |   1985 |   9232 |   5 | 2620.4 |
     Snake Pit |   2915 |   2868 |     47 |    424 |   1975 |   4 |  728.8 |
  Orcish Mines |   4126 |   4107 |     19 |    857 |   2819 |   2 | 2063.0 |
        Bailey |    444 |    444 |      0 |     70 |    188 |   1 |  444.0 |
               +--------+--------+--------+--------+--------+-----+--------+

Top non-repeatable levels by time:
     D:9: 3231 daAuts
  Lair:2: 3127 daAuts
  Lair:1: 2701 daAuts
    D:12: 2699 daAuts
  Lair:5: 2634 daAuts
  Lair:4: 2622 daAuts
   Orc:2: 2577 daAuts
    D:10: 2343 daAuts
     D:4: 2259 daAuts
  Lair:3: 2016 daAuts
     D:7: 1581 daAuts
   Orc:1: 1549 daAuts
     D:6: 1513 daAuts
    D:11: 1405 daAuts
     D:3: 1378 daAuts
